 Dungeon Crawl Stone Soup version 0.25-a0-246-g58704a1ebd (webtiles) character file.

Game seed: 797329095351824272, levelgen mode: classic

50 Borgoz the Skirmisher (level 3, -3/24 HPs)
             Began as a Gargoyle Fighter on Dec 3, 2019.
             Slain by a gnoll
             ... wielding a +0 halberd
              (9 damage)
             ... on level 2 of the Dungeon.
             The game lasted 00:01:47 (1084 turns).

Borgoz the Skirmisher (Gargoyle Fighter)            Turns: 1084, Time: 00:01:48

Health: -3/24      AC: 12    Str: 25    XL:     3   Next: 79%
Magic:  3/3        EV:  7    Int:  8    God:
Gold:   33         SH:  9    Dex:  9    Spells: 2/2 levels left

rFire    . . .     SeeInvis .   a - +0 flail
rCold    . . .     Gourm    .   c - +0 shield
rNeg     + . .     Faith    .   b - +0 scale mail
rPois    ∞         Spirit   .   n - +1 helmet
rElec    +         Reflect  .   (no cloak)
rCorr    .         Harm     .   (no gloves)
MR       .....                  (no boots)
Stlth    ..........             (no amulet)
HPRegen  0.08/turn              (no ring)
MPRegen  0.08/turn              (no ring)

@: mighty
A: negative energy resistance 1, electricity resistance, unbreathing,
petrification resistance, rot immunity, AC +3
a: no special abilities


You were on level 2 of the Dungeon.
You were not hungry.

You visited 1 branch of the dungeon, and saw 2 of its levels.

You collected 33 gold pieces.

Inventory:

Hand Weapons
 a - a +0 flail (weapon)
Missiles
 l - 11 poisoned darts (quivered)
Armour
 b - a +0 scale mail (worn)
 c - a +0 shield (worn)
 n - a +1 helmet (worn)
Jewellery
 e - an uncursed ring of protection from fire {unknown}
Scrolls
 h - a scroll of remove curse
 j - a scroll of noise {unknown}
Potions
 i - a potion of curing {unknown}
 k - a potion of resistance {unknown}
 m - 2 potions of lignification
Comestibles
 f - 4 rations
 g - 6 chunks of flesh


   Skills:
 + Level 3.8 Fighting
 + Level 2.6 Maces & Flails
 + Level 3.8 Armour
 + Level 3.8 Shields


You had 2 spell levels left.
You didn't know any spells.
Your spell library was empty.

Dungeon Overview and Level Annotations

Branches:
Dungeon (2/15)

Altars:


Innate Abilities, Weirdness & Mutations

You are resistant to torment.
Your stone body is resilient. (AC +3)
You are immune to poison.
You resist negative energy. (rN+)
You are resistant to electric shocks. (rElec)
You can survive without breathing.
You are immune to petrification.
You are immune to rotting.


Message History

The gnoll hits you but does no damage.
You miss the adder. The adder bites you but does no damage.
You block the gnoll's attack. The gnoll barely misses you.
You block the adder's attack.
Some of the chunks of flesh in your inventory have rotted away.
You miss the adder. You block the adder's attack. You block the gnoll's attack.
The gnoll hits you from afar with a +0 halberd.
You block the adder's attack. The gnoll hits you but does no damage.
You miss the adder. The adder bites you but does no damage.
The gnoll hits you from afar with a +0 halberd!
The gnoll barely misses you. You block the adder's attack.
The gnoll hits you from afar with a +0 halberd.
* * * LOW HITPOINT WARNING * * *
You are too injured to fight recklessly!
You are too injured to fight recklessly!
You completely miss the gnoll. The adder bites you.
* * * LOW HITPOINT WARNING * * *
You block the gnoll's attack.
The gnoll hits you from afar with a +0 halberd!
You die...

#.#.. ##..# #...#.
#÷.## ###.#.. ###)##
...#.# #...# #..#.#
##.### #......
####..#####
.....####...........
%...................
......S@..##.#######
.^...gg.####.#
......... ..#
......#... ...
.....######... .....
... ...... ......# #
...<.b#####.##.


You could see 2 gnolls and an adder.

Vanquished Creatures
  3 dart slugs (D:1)
  2 leopard geckos (D:1)
  3 ball pythons (D:1)
  A giant cockroach (D:1)
  4 goblins
  5 hobgoblins
  4 jackals (D:1)
  2 kobolds (D:1)
  2 bats (D:1)
  7 frilled lizards
  8 rats (D:1)
41 creatures vanquished.

Notes
Turn   | Place    | Note
-------+----------+-------------------------------------------
     0 | D:1      | Borgoz the Gargoyle Fighter began the quest for the Orb.
     0 | D:1      | Reached XP level 1. HP: 14/14 MP: 1/1
    59 | D:1      | Reached XP level 2. HP: 19/19 MP: 2/2
   277 | D:1      | Reached XP level 3. HP: 18/23 MP: 3/3
  1084 | D:2      | Slain by a gnoll

Levels and vault maps discovered:
D:1:      dpeg_arrival_shrine, layout_rooms, minmay_stone_trees_small
D:2:      layout_rooms, lemuel_coloured_pillars_altar, serial_bayou_lagoon_a

Action                   || total
-------------------------++-------
Melee: Flail             ||   170
  Use: Scroll            ||     4
       Potion            ||     1
  Eat: Chunk             ||     1
Armor: Scale mail        ||   123
Dodge: Dodged            ||    82
Block: Shield            ||   124

Table legend:
 A = Non-vault XP
 B = Vault XP
 C = Vault XP percentage of total XP
 D = Non-vault monster count
 E = Vault monster count
 F = Vault count percentage of total count
                 A         B        C        D         E       F
            +---------+---------+-------+---------+---------+-------
      Total |      72 |       0 |   0.0 |      41 |       0 |   0.0
            +---------+---------+-------+---------+---------+-------
        D:1 |      67 |       0 |   0.0 |      38 |       0 |   0.0
        D:2 |       5 |       0 |   0.0 |       3 |       0 |   0.0
            +---------+---------+-------+---------+---------+-------
